 Dungeon Crawl Stone Soup version 0.31-a0-188-g5e087ee2ca (webtiles) character file.

Game seed: 889902032471365512

38 lessens the Chopper (level 3, -8/31 HPs)
             Began as a Hill Orc Cinder Acolyte on June 24, 2023.
             Was a High Priest of Ignis.
             Mangled by a gnoll
             ... wielding a +0 halberd
              (12 damage)
             ... on level 2 of the Dungeon.
             The game lasted 00:01:28 (875 turns).

lessens the Chopper (Hill Orc Cinder Acolyte)        Turns: 875, Time: 00:01:29

Health: -8/31      AC:  2    Str: 18    XL:     3   Next: 43%
Magic:  4/4        EV: 11    Int: 14    God:    Ignis [*****.]
Gold:   13         SH:  0    Dex:  6    Spells: 4/4 levels left

rFire   + + .        a - -1 hand axe (flame)
rCold   . . .        (no shield)
rNeg    . . .        b - +0 robe
rPois   .            (no helmet)
rElec   .            (no cloak)
rCorr   .            (no gloves)
SInv    .            (no boots)
Will    .....        (no amulet)
Stlth   +            g - ring of protection from fire
HPRegen 0.25/turn    (no ring)
MPRegen 0.09/turn

%: no passive effects
@: no status effects
A: no striking features
a: Renounce Religion, Fiery Armour, Foxfire Swarm, Rising Flame


You were on level 2 of the Dungeon.
You worshipped Ignis.
Ignis was extremely pleased with you.
You visited 1 branch of the dungeon, and saw 2 of its levels.

You collected 52 gold pieces.
You spent 39 gold pieces at shops.

Inventory:

Hand Weapons
 a - a -1 hand axe of flaming (weapon)
Missiles
 c - a stone
Armour
 b - a +0 robe (worn)
Jewellery
 e - an amulet of magic regeneration
 g - a ring of protection from fire (left hand)
Scrolls
 d - a scroll of butterflies {unknown}
 i - a scroll of identify
 j - a scroll of enchant armour {unknown}
Potions
 f - a potion of haste {unknown}
 h - a potion of heal wounds {unknown}
 k - a potion of degeneration {unknown}


   Skills:
 - Level 3.6 Fighting
 + Level 5.8 Axes
 - Level 1.0 Spellcasting
 - Level 3.2 Fire Magic


You had 4 spell levels left.
You didn't know any spells.
Your spell library contained the following spells:

 Spells                   Type           Power      Damage    Failure   Level
 Scorch                   Fire           18%        2d5       11%         2
 Apportation              Tloc           0%         N/A       26%         1
 Alistair's Intoxication  Tmut/Pois      0%         N/A       100%        5


Dungeon Overview and Level Annotations

Branches:
Dungeon (2/15) Zot: 11119

Altars:

Shops:
D:1 ?


Message History

You are poisoned.
The adder poisons you! The adder bites you.
You closely miss the adder.
The adder is lightly wounded.
You feel sick. The adder bites you.
You slash the adder! You burn the adder.
You kill the adder!
You feel sick.
No target in view!
No target in view!
You feel sick.
You feel sick.
You feel sick.
You feel sick.
You feel sick.
You are no longer poisoned.
HP restored. 2 gnolls come into view.
A gnoll is wielding a +0 spear of freezing.
The gnoll shouts! x2
A gnoll comes into view. It is wielding a +0 whip.
There are monsters nearby!
There are monsters nearby!
The gnoll shouts!
You see here a book of Dangerous Friends.
The gnoll completely misses you.
You hit the gnoll. You burn the gnoll.
The gnoll is moderately wounded.
The gnoll hits you from afar with a +0 spear of freezing.
The gnoll freezes you. The gnoll barely misses you.
You barely miss the gnoll.
The gnoll is moderately wounded.
The gnoll hits you with a +0 halberd! The gnoll closely misses you.
You hit the gnoll. You burn the gnoll.
The gnoll is almost dead.
The gnoll hits you from afar with a +0 spear of freezing.
The gnoll freezes you. The gnoll hits you with a +0 halberd!
* * * LOW HITPOINT WARNING * * *
The gnoll hits you from afar with a +0 halberd!
You die...

###########
#..@.ggg..#
###.#######.#
#.......#
#.#.###.#
#.#.###.###.#
..#..<......#
########.#####
#.# #.#


You could see 3 gnolls.

Vanquished Creatures
  An adder (D:2)
  2 ball pythons (D:1)
  3 bats (D:1)
  3 endoplasms (D:1)
  A giant cockroach (D:1)
  A goblin (D:1)
  A hobgoblin (D:1)
  3 jackals (D:1)
  2 quokkas (D:1)
  2 frilled lizards (D:1)
  2 kobolds (D:1)
  6 rats (D:1)
27 creatures vanquished.

Notes
Turn   | Place    | Note
-------+----------+-------------------------------------------
     0 | D:1      | lessens the Hill Orc Cinder Acolyte began the quest for the
                  | Orb.
     0 | D:1      | Reached XP level 1. HP: 19/19 MP: 2/2
   269 | D:1      | Reached XP level 2. HP: 26/26 MP: 3/3
   373 | D:1      | Reached skill level 5 in Axes
   537 | D:1      | Found Qal Paet's Magic Scroll Shop.
   557 | D:1      | Bought a scroll of identify for 26 gold pieces
   557 | D:1      | Bought a scroll of noise for 13 gold pieces
   688 | D:1      | Reached XP level 3. HP: 28/31 MP: 4/4
   875 | D:2      | Mangled by a gnoll

Illustrated notes

Levels and vault maps discovered:
D:1:      co_arrival_random_square_maze, layout_basic, serial_shops,
          nicolae_shop_tiny_waterfront, minmay_small_reverse_x
D:2:      layout_loops_corners, shapermc_ecumenical_altar_mp_vishouse

Skill      XL: |  1  2 |
---------------+-------+-----
Axes           | 5 |  5.8
Fighting       | |  3.6
Spellcasting   | |  1.0
Fire Magic     | |  3.2

Action                     || total
---------------------------++-------
  Melee: Hand axe          ||    94
 Armour: Robe              ||    20
  Dodge: Dodged            ||    74

Table legend: (Time is in decaauts)
 A = Elapsed time spent in this place.
 B = Non-inter-level travel time spent in this place.
 C = Inter-level travel time spent in this place.
 D = Time resting spent in this place.
 E = Time spent auto-exploring this place.
 F = Levels seen in this place.
 G = Mean time per level.
                   A        B        C        D        E       F      G
               +--------+--------+--------+--------+--------+-----+--------+
         Total |    879 |    848 |     31 |      0 |    648 |   2 |  439.5 |
       Dungeon |    879 |    848 |     31 |      0 |    648 |   2 |  439.5 |
               +--------+--------+--------+--------+--------+-----+--------+

Top non-repeatable levels by time:
     D:1: 797 daAuts
     D:2: 81 daAuts

Levels and vault maps discovered:
D:1:      co_arrival_random_square_maze, layout_basic, serial_shops,
          nicolae_shop_tiny_waterfront, minmay_small_reverse_x
D:2:      layout_loops_corners, shapermc_ecumenical_altar_mp_vishouse
